 Dungeon Crawl Stone Soup version 0.25-a0-185-g6cfeca75b2 (webtiles) character file.

Game seed: 12061352864653420911, levelgen mode: deterministic

196 MisterFreud the Chiller (level 5, 0/31 HPs)
             Began as an Octopode Ice Elementalist on Nov 27, 2019.
             Killed from afar by an orc wizard (10 damage)
             ... with a puff of flame
             ... on level 3 of the Dungeon.
             The game lasted 00:04:50 (3305 turns).

MisterFreud the Chiller (Octopode Ice Elementalist) Turns: 3305, Time: 00:04:51

Health: 0/31       AC:  1    Str:  7    XL:     5   Next: 74%
Magic:  11/11      EV: 13    Int: 19    God:
Gold:   62         SH:  0    Dex: 12    Spells: 8/12 levels left

rFire    . . .     SeeInvis .   g - +3 short sword (drain)
rCold    . . .     Gourm    .   (no shield)
rNeg     . . .     Faith    .   (helmet restricted)
rPois    .         Spirit   .   (no amulet)
rElec    .         Reflect  .   l - ring of teleportation (curse)
rCorr    .         Harm     .   (no ring)
MR       .....     Rnd*Tele +   (no ring)
Stlth    +++.......             (no ring)
HPRegen  0.10/turn              (no ring)
MPRegen  0.12/turn              (no ring)
                                (no ring)
                                (no ring)

@: no status effects
A: almost no armour, stealthy swim, amphibious, 8 rings, constrict 8, camouflage
1, gelatinous body 1
a: no special abilities


You were on level 3 of the Dungeon.
You were hungry.

You visited 1 branch of the dungeon, and saw 3 of its levels.

You collected 62 gold pieces.

Inventory:

Hand Weapons
 g - a +3 short sword of draining (weapon)
Jewellery
 l - a cursed ring of teleportation (left tentacle)
Scrolls
 c - 2 scrolls of teleportation
 e - a scroll of remove curse
 k - a scroll of fear {unknown}
 m - 2 scrolls of magic mapping {unknown}
 o - a scroll of enchant weapon {unknown}
 p - a scroll of identify
Potions
 a - 2 potions of lignification
 d - 2 potions of cancellation {unknown}
 f - a potion of degeneration {unknown}
 h - 2 potions of curing {unknown}
 i - 2 potions of flight
 j - a potion of might {unknown}
Comestibles
 b - 8 rations
 n - 4 chunks of flesh


   Skills:
 - Level 2.0 Dodging
 - Level 2.6 Stealth
 - Level 4.0 Spellcasting
   Level 1.0 Conjurations
 + Level 4.9 Ice Magic


You had 8 spell levels left.
You knew the following spells:

 Your Spells              Type           Power        Failure   Level  Hunger
a - Freeze                Ice            ###.         1%          1    None
b - Ozocubu's Armour      Chrm/Ice       ##......     16%         3    ###....

Your spell library contained the following spells:

 Spells                   Type           Power        Failure   Level  Hunger
 Throw Frost              Conj/Ice       ###...       6%          2    ##.....
 Throw Icicle             Conj/Ice       ###.....     38%         4    ####...
 Summon Ice Beast         Ice/Summ       ##......     45%         4    ####...


Dungeon Overview and Level Annotations

Branches:
Dungeon (3/15)

Altars:
Nemelex Xobeh

Annotations:
D:2 Sigmund


Innate Abilities, Weirdness & Mutations

You cannot wear most types of armour.
You are very stealthy in the water. (Stealth+)
You are amphibious.
You can wear up to eight rings at the same time.
You can use your tentacles to constrict eight enemies at once.
Your skin changes colour to match your surroundings (Stealth+).
Your rubbery body absorbs attacks. (AC +1, EV +1)


Message History

Training target 4.0 for Spellcasting reached!
Your Spellcasting skill increases to level 4!
The orc closely misses you.
You hit the orc. You drain the orc. You grab the orc.
The orc is heavily wounded.
You constrict the orc. The orc barely misses you.
The orc hits you with a +0 dagger.
You release your grip on the orc.
The orc misses you.
You closely miss the orc. Your grab misses the orc.
The orc is severely wounded.
The orc hits you with a +0 dagger. The orc hits you but does no damage.
You hit the orc.
You kill the orc!
A goblin comes into view. It is wielding a +0 dagger.
You miss the orc wizard. Your grab misses the orc wizard.
Your squeeze misses the orc wizard.
The orc wizard points at you and mumbles some strange words.
The puff of flame hits you!
You die...

#. #.# #.#) ##
#.####.#####.#. ..
#.............. #.
# #.##)#######.##
#. #.#.##.### #.#
#. #........# #.# #
#. ####.#.#(# #.#
#...##.######.#.#.#
#.#
#...)oo@......#.#
#.#
####g######.###.#
#.# #. #...# .# ..
.?......# ...
###...#### ####
##.## #!# .(.


You could see an orc wizard, an orc and a goblin.

Vanquished Creatures
  3 orc wizards (D:3)
  A worker ant (D:2)
  An adder (D:3)
  An ooze (D:1)
  A worm (D:2)
  2 dart slugs (D:1)
  4 leopard geckos (D:1)
  5 orcs (D:3)
  7 bats
  4 giant cockroaches
  6 goblins
  5 hobgoblins
  8 kobolds
  A quokka (D:3)
  A ball python (D:3)
  5 frilled lizards
  9 rats
64 creatures vanquished.

Notes
Turn   | Place    | Note
-------+----------+-------------------------------------------
     0 | D:1      | MisterFreud the Octopode Ice Elementalist began the quest
                  | for the Orb.
     0 | D:1      | Reached XP level 1. HP: 11/11 MP: 3/3
   440 | D:1      | Reached XP level 2. HP: 17/17 MP: 5/5
  1093 | D:1      | Reached XP level 3. HP: 21/21 MP: 6/6
  1915 | D:2      | Found a sparkling altar of Nemelex Xobeh.
  1915 | D:2      | Noticed Sigmund
  1949 | D:1      | Reached XP level 4. HP: 12/27 MP: 8/8
  2732 | D:2      | Learned a level 3 spell: Ozocubu's Armour
  2935 | D:3      | Reached XP level 5. HP: 18/31 MP: 10/10
  3305 | D:3      | Killed from afar by an orc wizard

Levels and vault maps discovered:
D:1:      zaba_arrival_water, layout_basic, minivault_11, minmay_misc_feat_chi
D:2:      layout_rooms, serial_park_tiny_1, nemelex_xobeh_ov_fountains_minmay,
          uniq_sigmund
D:3:      layout_loops_ring

Skill      XL: |  1  2  3  4  5 |
---------------+----------------+-----
Spellcasting   | 3 4 |  4.0
Ice Magic      | 4 |  4.9
Dodging        | |  2.0
Stealth        | |  2.6
Conjurations   | |  1.0

Action                   |  1- 3 |  4- 6 || total
-------------------------+-------+-------++-------
Melee: Unarmed           |    32 |       ||    32
       Constrict         |    22 |    10 ||    32
       Tentacles         |     9 |       ||     9
       Short sword       |    63 |    58 ||   121
 Cast: Freeze            |     6 |       ||     6
  Use: Scroll            |     2 |     1 ||     3
       Potion            |       |     1 ||     1
 Stab: Sleeping          |    13 |     7 ||    20
  Eat: Chunk             |     3 |     4 ||     7
Armor: Skin              |     9 |     5 ||    14
Dodge: Dodged            |    61 |    25 ||    86

Table legend:
 A = Non-vault XP
 B = Vault XP
 C = Vault XP percentage of total XP
 D = Non-vault monster count
 E = Vault monster count
 F = Vault count percentage of total count
                 A         B        C        D         E       F
            +---------+---------+-------+---------+---------+-------
      Total |     280 |       0 |   0.0 |      64 |       0 |   0.0
            +---------+---------+-------+---------+---------+-------
        D:1 |      69 |       0 |   0.0 |      34 |       0 |   0.0
        D:2 |      56 |       0 |   0.0 |      13 |       0 |   0.0
        D:3 |     155 |       0 |   0.0 |      17 |       0 |   0.0
            +---------+---------+-------+---------+---------+-------
